Tangles, neutral female sylph Healer @AA A@ @ L ----- @ @ A ...| D @ A @ ---------..-- D |...ww.w|.)@-- --. @ @A |w@ww@w.|D...---....H A A @ A @ |..wEww.-.A@A.H....... @ A & @ |.wwwww[|@..)---....... A @ @ @ |.w.ww..|.&@-- --...)?. A @A ---------.@-- ----.-- & A A@ A ...| |...------- @w@ V@ T T @ ----- |.........| A -------...- A@ |....- ---.. A . @L @ Tangles the Magistra Experience level: 22 Strength: 17 Dexterity: 19 Constitution: 17 Intelligence: 18 Wisdom: 19 Charisma: 20 Health: 605(605) Energy: 209(242) Def: 27 Gold: 20 Moves: 49938 Dungeon seed: xAP59Ea3RCZGY2R1 Game ID: Tangles_1470663701 Your Inventory: Coins $ - 20 gold pieces Amulets g - the blessed greased Eye of the Aethiopica L - an uncursed amulet of reflection (being worn) Weapons v - 20 blessed rustproof +6 darts (in quiver) O - a blessed +2 athame P - the blessed +7 Staff of Aesculapius (weapon in hands) Armor d - an uncursed greased fireproof +4 cloak of protection (being worn) e - an uncursed fireproof +4 fedora (being worn) q - an uncursed +5 T-shirt (being worn) Comestibles a - a blessed eucalyptus leaf b - a blessed silver dragon egg named Victory to Team Splat! S - an uncursed lizard corpse named Not VEGAN! Scrolls M - an uncursed scroll of teleportation Spellbooks C - the uncursed Book of the Dead Potions H - a blessed potion of restore ability T - an uncursed potion of full healing Rings m - an uncursed ring of free action (on right hand) E - an uncursed +2 ring of gain strength (on left hand) X - an uncursed ring of levitation Wands i - a blessed wand of teleportation (0:8) o - a blessed wand of teleportation (0:0) t - a blessed wand of secret door detection (0:0) D - a blessed wand of secret door detection (0:12) K - a wand of slow monster (0:4) N - a wand of fire (0:4) U - a wand of striking (0:6) W - a wand of wishing (1:1) Z - a wand of death (1:2) Tools c - an uncursed stethoscope l - an uncursed skeleton key p - the uncursed Candelabrum of Invocation (7 candles attached) (0:381) r - an uncursed magic lamp (lit) x - an uncursed tooled horn F - a blessed greased bag of holding V - the Bell of Opening (0:2) Gems Q - a blessed luckstone Contents of the bag of holding: 129 gold pieces the rustproof +0 Giantslayer the blessed rustproof +1 Vorpal Blade 70 blessed rustproof +6 darts an uncursed +1 pair of leather gloves 18 uncursed K-rations 2 uncursed bananas 5 uncursed carrots 3 uncursed cloves of garlic 6 blessed eucalyptus leaves an uncursed eucalyptus leaf 4 uncursed food rations an uncursed lembas wafer an uncursed tripe ration 11 blessed scrolls of blank paper 5 cursed scrolls of blank paper a blessed scroll of charging 2 uncursed scrolls of earth a blessed scroll of enchant armor an uncursed scroll of fire a blessed scroll of genocide 2 blessed scrolls of gold detection 7 uncursed scrolls of gold detection a blessed scroll of remove curse an uncursed scroll of stinking cloud 3 cursed scrolls of teleportation 3 uncursed scrolls of wishing 7 blessed diluted potions of full healing an uncursed potion of acid an uncursed potion of extra healing 4 blessed potions of full healing an uncursed potion of full healing an uncursed potion of gain level 13 potions of holy water 7 uncursed potions of object detection a blessed potion of speed 3 potions of unholy water an uncursed ring of conflict an uncursed ring of levitation an uncursed ring of slow digestion a wand of cold (0:5) a wand of cold (0:2) a wand of digging (0:8) a wand of enlightenment (0:13) a wand of fire (0:8) a wand of fire (0:5) a wand of fire (0:4) a blessed wand of lightning (0:8) a wand of lightning (0:7) a wand of lightning (0:6) a wand of lightning (0:5) a wand of lightning (0:5) a wand of lightning (0:5) a wand of lightning (0:2) a wand of magic missile (0:7) a wand of magic missile (0:7) a wand of magic missile (0:7) a wand of magic missile (0:7) a wand of magic missile (0:7) a wand of magic missile (0:7) a wand of magic missile (0:6) a wand of magic missile (0:6) a wand of magic missile (0:6) a wand of magic missile (0:4) a wand of probing (0:4) a wand of sleep (0:8) a wand of sleep (0:7) a wand of sleep (0:7) a wand of speed monster (0:5) a wand of striking (0:7) a wand of striking (0:7) a wand of striking (0:7) a wand of striking (0:6) a wand of striking (0:6) a wand of striking (0:5) a blessed wand of teleportation (0:8) a blessed wand of teleportation (0:7) a blessed wand of teleportation (0:6) a wand of undead turning (0:6) a wand of undead turning (0:3) a can of grease (0:16) a blessed magic lamp a magic marker (0:63) an uncursed sack an uncursed towel a +3 unicorn horn 17 uncursed agate stones 3 uncursed amber stones 11 uncursed amethyst stones 2 uncursed aquamarine stones an uncursed chrysoberyl stone 3 uncursed citrine stones an uncursed diamond 19 uncursed emeralds an uncursed fluorite stone an uncursed garnet stone 10 uncursed jacinth stones 9 uncursed jade stones 5 uncursed jasper stones an uncursed jet stone 2 uncursed obsidian stones an uncursed opal 7 uncursed rubies 6 uncursed topaz stones 2 uncursed turquoise stones Spells and supernatural/magical abilities: Name Level Category Fail Memory a - force bolt 1 attack 0% 81% c - cause fear 3 enchantment 0% 36% d - dig 5* matter 99% 0% e - charm monster 3 enchantment 0% 46% f - fireball 4* attack 75% 0% h - healing 1 healing 0% 46% i - invisibility 4* escape 75% 0% j - jumping 1 escape 0% 46% k - knock 1 matter 0% 46% l - light 1 divination 0% 46% m - magic missile 2 attack 0% 33% p - protection 1 clerical 0% 80% r - remove curse 3 clerical 0% 80% s - slow monster 2 enchantment 0% 46% t - teleport away 6* escape 100% 0% v - clairvoyance 3 divination 0% 84% w - wizard lock 2 matter 0% 12% x - extra healing 3 healing 0% 46% z - sleep 1 enchantment 0% 46% A - create familiar 6* clerical 100% 0% B - cure blindness 2 healing 0% 46% E - detect food 2 divination 0% 46% F - finger of death 7 attack 100% 58% G - detect treasure 4 divination 75% 36% H - haste self 3 escape 0% 46% I - identify 3 divination 0% 81% K - cure sickness 3 healing 0% 93% L - levitation 4* escape 75% 0% M - magic mapping 5* divination 99% 0% O - create monster 2 clerical 0% 46% R - restore ability 4 healing 0% 34% S - stone to flesh 3 healing 0% 46% T - turn undead 6 clerical 100% 35% U - detect unseen 3 divination 0% 80% W - pray for help -- divine ? -- Your skills at the end: Miscellaneous Skills wands [Expert] Weapon Skills knife [Skilled] quarterstaff [Expert] dart [Expert] unicorn horn [Skilled] Spellcasting Skills healing spells [Skilled] Final Attributes: You were the Envoy of Balance. You were piously aligned. You were fire resistant. You were cold resistant. You were sleep resistant. You were shock resistant. You were poison resistant. You were level-drain resistant. You were magic-protected. You saw invisible. You were warned. You had infravision. You were sensing the presence of monsters. You were invisible to others. You were displaced. You were stealthy. You regenerated. You were protected. You were protected from shape changers. You had reflection. You had free action. You were very lucky. You had extra luck. Good luck did not time out for you. You survived. Vanquished creatures: Demogorgon Orcus Yeenoghu Juiblex The Wizard of Yendor (15 times) 6 arch-liches a high priest 8 mammoths Vlad the Impaler Medusa 6 krakens 11 iron golems The Cyclops 4 master liches a ki-rin a storm giant 2 titans 3 deep ettins 3 glass golems 8 balrogs 14 purple worms 4 gray dragons 3 silver dragons 15 red dragons 11 white dragons 5 orange dragons 24 black dragons 5 blue dragons 14 green dragons 4 yellow dragons 27 minotaurs 11 jabberwocks 24 baluchitheria 7 Angels 6 demiliches 4 stone golems 9 master mind flayers 19 Olog-hai 3 Nazgul 20 pit fiends 10 sandestins 9 hell hounds 12 titanotheres 7 trappers a baby gray dragon a baby red dragon a baby white dragon 25 baby orange dragons 38 baby green dragons 3 guardian nagas 10 disenchanters 45 vampire lords 6 shades 5 skeletons 10 aligned priests 20 captains 7 liches 5 clay golems 10 nurses 28 ice devils 13 nalfeshnees 8 lurkers above 2 Aleaxes a frost giant 3 golden nagas 10 black puddings 25 vampires 36 ghosts 9 ettins 11 lieutenants a queen bee 11 winged gargoyles 5 mind flayers 14 giant mimics 4 fire giants 26 ogre kings 3 ice trolls 21 rock trolls 17 umber hulks 4 flesh golems 13 Elvenkings 10 doppelgangers 32 hezrous 47 bone devils 5 salamanders 5 large mimics 5 wumpuses 4 fire vortices a baby long worm 12 long worms 7 couatls 28 stalkers 2 air elementals 14 fire elementals 2 earth elementals 3 water elementals 9 hill giants 7 giant mummies 3 black nagas 17 xorns 18 giant zombies 32 elf-lords 15 sergeants a water demon 2 barbed devils 38 vrocks 10 wargs 2 winter wolves 8 hell hound pups 21 small mimics 20 island nymphs 5 glass piercers a warhorse 8 steam vortices 27 xans 9 ettin mummies 21 ogre lords 21 quantum mechanics 18 trolls 5 sasquatches 2 wood golems 11 mariliths 2 djinn 6 sharks 5 electric eels 6 pyrolisks 2 large dogs 2 freezing spheres 6 flaming spheres 7 shocking spheres 9 tigers 7 gargoyles a dwarf king 3 tengu 21 ochre jellies 15 chameleons 4 crocodiles 19 leocrottas 6 energy vortices 6 mountain centaurs 8 giants 2 elf mummies 6 human mummies 12 red nagas 17 green slimes 14 pit vipers 11 pythons 6 cobras 51 wraiths 19 ettin zombies 3 leather golems 21 Grey-elves 60 soldiers a horned devil 8 succubi 13 incubi 6 giant beetles 34 cockatrices 15 wolves 6 winter wolf cubs 5 lynxes 5 panthers 34 gremlins 8 leprechauns 4 quivering blobs 14 lizards a mountain nymph 6 orc-captains 4 mumakil 10 giant spiders 6 scorpions 5 iron piercers 2 horses 2 ice vortices 2 black lights 14 vampire bats 12 forest centaurs 4 gnome kings 4 orc mummies 2 dwarf mummies 12 ogres 8 rust monsters 31 owlbears 6 yetis 5 gold golems 4 werewolves 8 Green-elves 3 piranhas 12 giant eels 3 attendants 9 chickatrices a dingo 5 jaguars 5 dwarf lords 2 blue jellies 4 water nymphs 8 white unicorns 3 black unicorns 2 dust vortices 6 ravens 2 plains centaurs 4 gnome mummies 49 snakes 5 water moccasins 5 apes 21 human zombies 5 rope golems 6 Woodland-elves 12 soldier ants 6 fire ants 15 bugbears 2 imps 8 quasits 3 wood nymphs 24 Mordor orcs 21 Uruk-hai 3 orc shamans 7 rock moles 6 rock piercers 3 ponies 3 fog clouds 8 yellow lights 2 violet fungi 9 gnome lords 3 gnomish wizards 6 kobold mummies a red naga hatchling 5 gray oozes 5 barrow wights 24 elf zombies 14 ghouls 6 straw golems a paper golem 2 jellyfish 7 giant ants 8 floating eyes 3 kittens 23 dwarves 9 homunculi a kobold lord 4 kobold shamans 6 iguanas 28 hill orcs 14 rothes 28 rabid rats a centipede 3 giant bats a monkey 6 orc zombies 17 dwarf zombies 3 wererats 2 werejackals 30 killer bees 4 gas spores 7 hobbits 2 acid blobs 3 large kobolds 7 geckos 25 hobgoblins 112 giant rats 9 cave spiders 3 brown molds 4 yellow molds a green mold 5 red molds 34 gnomes 14 garter snakes 11 manes 14 gnome zombies 6 jackals 4 foxes 3 kobolds 8 newts 12 goblins 21 sewer rats 6 grid bugs 2 bats 7 lichens 14 kobold zombies 2852 creatures vanquished. Genocided or extinct species: giant rats (extinct) Nazgul (extinct) 2 species extinct. Voluntary challenges: You followed a strict vegan diet. You used a wielded weapon 5861 times, starting on turn 119. You did not apply a unicorn horn. You read items or engraved 702 times, starting on turn 526. You never genocided any monsters. You never polymorphed an object. You never changed form. You cheated 1 time but completed Sokoban on turn 9343. You used 6 wishes, starting on turn 16377. You wished for your your first artifact on turn 16377. You never split a pudding. You wrote Elbereth's name 32 times, starting on turn 526. You violated your moral code, losing 26 points of alignment, starting on turn 13609. Dungeon overview: The Dungeons of Doom: levels 1 to 29 Level 1 an altar to Poseidon stairs to The Elemental Planes Level 2 (v) a fountain stairs to The Gnomish Mines Level 3 Level 4 (v) an armor shop Level 5 an altar to Poseidon, a fountain Level 6 many fountains Level 7 a fountain stairs to Sokoban Level 8 Level 9 (v) Level 10 an altar to Hermes, a sink Level 11 a general store Level 12 (v) Level 13 portal to The Quest Level 14 (AMULET IS HERE #2) a temple to Hermes Level 15 (v) a fountain Level 16 a fountain Level 17 (THE AMULET IS HERE) some altars to Athena and Poseidon, a fountain Level 18 Level 19 Level 20 a sink Level 21 some fountains Level 22 a sink Level 23 Level 24 Level 25 Level 26 Level 27 Level 28 a fountain Level 29 a magic chest, a fountain Gehennom: levels 30 to 58 Level 30 a temple to Moloch, a magic chest stairs to The Dungeons of Doom Level 31 Level 32 Level 33 Level 34 a magic chest Level 35 Level 36 some fountains Level 37 Level 38 Level 39 some shops, an altar to Moloch, a magic chest Level 40 stairs to Vlad's Tower Level 41 Level 42 a magic chest Level 43 Level 44 Level 45 a magic chest Level 46 Level 47 portal to Gehennom Level 48 Level 49 Level 50 Level 51 Level 52 Level 53 portal to Gehennom Level 54 Level 55 Level 56 Level 57 Level 58 The Gnomish Mines: levels 3 to 11 Level 3 stairs to The Dungeons of Doom Level 4 Level 5 Level 6 some shops, a temple to Athena, a magic chest, some fountains Level 7 Level 8 Level 9 Level 10 Level 11 a magic chest, some fountains The Quest: levels 1 to 6 Level 1 an altar to Hermes, a magic chest portal to The Dungeons of Doom Level 2 Level 3 a temple to Poseidon Level 4 Level 5 Level 6 Sokoban: levels 3 to 6 Level 3 a magic chest Level 4 Level 5 a fountain Level 6 a magic chest stairs to The Dungeons of Doom Vlad's Tower: levels 37 to 39 Level 37 Level 38 an altar to Moloch Level 39 stairs to Gehennom The Elemental Planes: Astral Plane <- You were here a high altar Plane 4 portal to The Elemental Planes Plane 3 portal to The Elemental Planes Plane 2 portal to The Elemental Planes Plane 1 portal to The Elemental Planes History has recorded: On T:1 you entered the Dungeons of Doom to retrieve the Amulet of Yendor! On T:316 you reached level 2 of The Dungeons of Doom. On T:447 you reached level 1 of The Gnomish Mines. On T:482 you reached level 2 of The Gnomish Mines. On T:555 you reached level 3 of The Gnomish Mines. On T:639 you reached level 4 of The Gnomish Mines. On T:787 you entered the Minetown temple On T:871 you advanced to experience level 2. On T:929 you opened a magic chest. On T:936 you opened a magic chest. On T:1007 you advanced to experience level 3. On T:1355 you advanced to experience level 4. On T:1556 you advanced to experience level 5. On T:1602 you reached level 9 of The Gnomish Mines. On T:1602 you reached the bottom of the Mines. On T:1875 you advanced to experience level 6. On T:2224 you advanced to experience level 7. On T:2602 you reached level 7 of The Gnomish Mines. On T:2688 you reached level 6 of The Gnomish Mines. On T:2766 you reached level 8 of The Gnomish Mines. On T:2899 you advanced to experience level 8. On T:3313 you advanced to experience level 9. On T:3404 you opened a magic chest. On T:3634 you reached level 5 of The Gnomish Mines. On T:4510 you opened a magic chest. On T:4886 you opened a magic chest. On T:4887 you opened a magic chest. On T:4888 you opened a magic chest. On T:4889 you opened a magic chest. On T:5046 you opened a magic chest. On T:5081 you opened a magic chest. On T:5833 you reached level 3 of The Dungeons of Doom. On T:6070 you reached level 4 of The Dungeons of Doom. On T:6360 you reached level 5 of The Dungeons of Doom. On T:6658 you reached level 6 of The Dungeons of Doom. On T:6951 you reached level 7 of The Dungeons of Doom. On T:7017 you reached level 8 of The Dungeons of Doom. On T:7107 you reached level 4 of Sokoban. On T:7150 you opened a magic chest. On T:7364 you reached level 3 of Sokoban. On T:7917 you reached level 2 of Sokoban. On T:8582 you reached level 1 of Sokoban. On T:9343 you entered the Sokoban zoo. On T:9415 you opened a magic chest. On T:9418 you opened a magic chest. On T:9454 you opened a magic chest. On T:9455 you opened a magic chest. On T:9606 you advanced to experience level 10. On T:9982 you reached level 9 of The Dungeons of Doom. On T:10283 you reached level 10 of The Dungeons of Doom. On T:10684 you reached level 11 of The Dungeons of Doom. On T:10970 you reached level 12 of The Dungeons of Doom. On T:11069 you reached level 13 of The Dungeons of Doom. On T:11359 you reached level 14 of The Dungeons of Doom. On T:11401 you reached level 1 of The Quest. On T:12779 you reached level 15 of The Dungeons of Doom. On T:13150 you reached level 16 of The Dungeons of Doom. On T:13309 you reached level 17 of The Dungeons of Doom. On T:13568 you advanced to experience level 11. On T:14198 you reached level 18 of The Dungeons of Doom. On T:14636 you reached level 19 of The Dungeons of Doom. On T:14650 you reached level 20 of The Dungeons of Doom. On T:14982 you reached level 21 of The Dungeons of Doom. On T:15576 you advanced to experience level 12. On T:16131 you reached level 22 of The Dungeons of Doom. On T:16377 you wished for "blessed greased fixed eye of the aethiopica". On T:16400 you reached level 23 of The Dungeons of Doom. On T:16508 you reached level 24 of The Dungeons of Doom. On T:17507 you opened a magic chest. On T:17508 you opened a magic chest. On T:17510 you opened a magic chest. On T:17512 you opened a magic chest. On T:17514 you advanced to experience level 13. On T:17515 you advanced to experience level 14. On T:17532 you opened a magic chest. On T:17533 you opened a magic chest. On T:17586 you opened a magic chest. On T:17592 you opened a magic chest. On T:17600 you embarked upon an epic quest. On T:17671 you reached level 2 of The Quest. On T:17889 you reached level 3 of The Quest. On T:18030 you reached level 4 of The Quest. On T:18192 you reached level 5 of The Quest. On T:18386 you reached level 6 of The Quest. On T:18586 you killed Cyclops on level 6 of The Quest. On T:19130 you completed the quest! On T:19145 you opened a magic chest. On T:19173 you opened a magic chest. On T:19175 you opened a magic chest. On T:19178 you opened a magic chest. On T:19184 you opened a magic chest. On T:19185 you opened a magic chest. On T:19185 you opened a magic chest. On T:19224 you opened a magic chest. On T:19226 you opened a magic chest. On T:19227 you opened a magic chest. On T:19235 you opened a magic chest. On T:19236 you opened a magic chest. On T:19237 you opened a magic chest. On T:19241 you opened a magic chest. On T:19242 you opened a magic chest. On T:19252 you opened a magic chest. On T:19259 you opened a magic chest. On T:19262 you opened a magic chest. On T:19269 you opened a magic chest. On T:19298 you advanced to experience level 15. On T:19299 you advanced to experience level 16. On T:19377 you opened a magic chest. On T:19391 you opened a magic chest. On T:20292 you opened a magic chest. On T:20294 you opened a magic chest. On T:21348 you killed Medusa on level 24 of The Dungeons of Doom. On T:21378 you reached level 26 of The Dungeons of Doom. On T:21419 you reached level 27 of The Dungeons of Doom. On T:23484 you reached level 28 of The Dungeons of Doom. On T:23522 you reached The Castle. On T:24821 you opened a magic chest. On T:24823 you opened a magic chest. On T:24824 you opened a magic chest. On T:24862 you opened a magic chest. On T:24968 you opened a magic chest. On T:25354 you opened a magic chest. On T:25359 you reached The Valley of the Dead. On T:26079 you opened a magic chest. On T:26151 you opened a magic chest. On T:26153 you opened a magic chest. On T:26153 you opened a magic chest. On T:26178 you opened a magic chest. On T:26310 you opened a magic chest. On T:26312 you opened a magic chest. On T:26314 you opened a magic chest. On T:26323 you opened a magic chest. On T:26593 you opened a magic chest. On T:26681 you opened a magic chest. On T:26915 you opened a magic chest. On T:26929 you opened a magic chest. On T:26944 you opened a magic chest. On T:26957 you opened a magic chest. On T:26981 you opened a magic chest. On T:27183 you opened a magic chest. On T:27219 you opened a magic chest. On T:27219 you opened a magic chest. On T:27229 you received Giantslayer from Hermes. On T:27232 you opened a magic chest. On T:27472 you opened a magic chest. On T:27526 you were named as the Envoy of Balance! On T:27531 you opened a magic chest. On T:27540 you opened a magic chest. On T:27546 you opened a magic chest. On T:27579 you opened a magic chest. On T:27580 you opened a magic chest. On T:27593 you opened a magic chest. On T:27595 you opened a magic chest. On T:27600 you opened a magic chest. On T:27622 you opened a magic chest. On T:27848 you reached level 2 of Gehennom. On T:27939 you opened a magic chest. On T:28244 you reached level 3 of Gehennom. On T:28323 you wished for "blessed greased fireproof +3 fedora". On T:28680 you reached level 4 of Gehennom. On T:28864 you wished for "uncursed magic marker". On T:29034 you reached level 5 of Gehennom. On T:29695 you reached level 6 of Gehennom. On T:30017 you reached level 7 of Gehennom. On T:30165 you opened a magic chest. On T:30166 you opened a magic chest. On T:30167 you opened a magic chest. On T:30172 you opened a magic chest. On T:30177 you opened a magic chest. On T:30189 you opened a magic chest. On T:30221 you advanced to experience level 17. On T:30464 you opened a magic chest. On T:30502 you opened a magic chest. On T:30611 you reached level 8 of Gehennom. On T:30945 you reached level 9 of Gehennom. On T:31233 you reached level 10 of Gehennom. On T:31942 you killed Orcus on level 10 of Gehennom. On T:32015 you reached level 11 of Gehennom. On T:32129 you opened a magic chest. On T:32137 you opened a magic chest. On T:32145 you opened a magic chest. On T:32147 you opened a magic chest. On T:32148 you opened a magic chest. On T:32427 you reached level 12 of Gehennom. On T:32796 you reached level 13 of Gehennom. On T:33104 you reached level 15 of Gehennom. On T:33167 you reached level 16 of Gehennom. On T:33419 you reached level 14 of Gehennom. On T:33931 you opened a magic chest. On T:33934 you opened a magic chest. On T:33935 you opened a magic chest. On T:33937 you opened a magic chest. On T:33939 you opened a magic chest. On T:33946 you opened a magic chest. On T:33949 you opened a magic chest. On T:34234 you opened a magic chest. On T:34681 you killed Yeenoghu in The Castle. On T:34792 you opened a magic chest. On T:34793 you opened a magic chest. On T:34798 you opened a magic chest. On T:34825 you opened a magic chest. On T:34825 you opened a magic chest. On T:34826 you opened a magic chest. On T:34827 you opened a magic chest. On T:34830 you opened a magic chest. On T:34830 you opened a magic chest. On T:34839 you opened a magic chest. On T:34841 you opened a magic chest. On T:34852 you opened a magic chest. On T:34889 you opened a magic chest. On T:34892 you opened a magic chest. On T:34894 you opened a magic chest. On T:34897 you opened a magic chest. On T:34900 you opened a magic chest. On T:34903 you opened a magic chest. On T:34907 you wished for "uncursed magic marker". On T:34907 you opened a magic chest. On T:34909 you opened a magic chest. On T:34916 you opened a magic chest. On T:34923 you opened a magic chest. On T:34928 you opened a magic chest. On T:34949 you advanced to experience level 18. On T:34951 you advanced to experience level 19. On T:35044 you opened a magic chest. On T:35131 you reached level 3 of Vlad's Tower. On T:35229 you reached level 2 of Vlad's Tower. On T:35376 you reached level 1 of Vlad's Tower. On T:35521 you killed Vlad the Impaler on level 1 of Vlad's Tower. On T:36597 you reached level 17 of Gehennom. On T:36733 you opened a magic chest. On T:36795 you opened a magic chest. On T:36796 you opened a magic chest. On T:36801 you opened a magic chest. On T:36801 you opened a magic chest. On T:36826 you opened a magic chest. On T:36827 you opened a magic chest. On T:37276 you reached level 18 of Gehennom. On T:37331 you reached level 19 of Gehennom. On T:37830 you reached level 21 of Gehennom. On T:37880 you reached level 22 of Gehennom. On T:38341 you advanced to experience level 20. On T:38342 you advanced to experience level 21. On T:38343 you advanced to experience level 22. On T:38575 you reached level 23 of Gehennom. On T:38592 you reached level 24 of Gehennom. On T:38929 you reached level 25 of Gehennom. On T:39037 you opened a magic chest. On T:39038 you opened a magic chest. On T:39039 you opened a magic chest. On T:39079 you opened a magic chest. On T:39105 you opened a magic chest. On T:39757 you reached level 27 of Gehennom. On T:40069 you reached level 28 of Gehennom. On T:41577 you opened a magic chest. On T:41591 you opened a magic chest. On T:41595 you opened a magic chest. On T:41596 you opened a magic chest. On T:41601 you opened a magic chest. On T:41602 you opened a magic chest. On T:41603 you opened a magic chest. On T:41604 you opened a magic chest. On T:41604 you opened a magic chest. On T:41745 you opened a magic chest. On T:41746 you opened a magic chest. On T:41782 you killed Wizard of Yendor on level 16 of Gehennom. On T:41952 you killed Wizard of Yendor in The Valley of the Dead. On T:41977 you opened a magic chest. On T:41977 you opened a magic chest. On T:41978 you opened a magic chest. On T:42016 you opened a magic chest. On T:42038 you performed the invocation. On T:42178 you opened a magic chest. On T:42182 you reached level 29 of Gehennom. On T:42740 you killed Wizard of Yendor on level 29 of Gehennom. On T:42882 you killed Wizard of Yendor on level 28 of Gehennom. On T:43618 you opened a magic chest. On T:43624 you opened a magic chest. On T:43626 you opened a magic chest. On T:43626 you opened a magic chest. On T:43664 you wished for "uncursed magic marker". On T:43690 you killed Demogorgon on level 29 of Gehennom. On T:43701 you gained the Amulet of Yendor! On T:43813 you killed Wizard of Yendor on level 27 of Gehennom. On T:44167 you lost the Amulet of Yendor. On T:44170 you gained the Amulet of Yendor! On T:44702 you killed Wizard of Yendor on level 22 of Gehennom. On T:45132 you opened a magic chest. On T:45133 you opened a magic chest. On T:45143 you opened a magic chest. On T:45156 you opened a magic chest. On T:45409 you opened a magic chest. On T:45428 you lost the Amulet of Yendor. On T:45431 you gained the Amulet of Yendor! On T:45608 you killed Juiblex on level 7 of Gehennom. On T:45639 you opened a magic chest. On T:45810 you opened a magic chest. On T:45836 you opened a magic chest. On T:45909 you opened a magic chest. On T:45909 you opened a magic chest. On T:45957 you opened a magic chest. On T:46417 you lost the Amulet of Yendor. On T:46422 you gained the Amulet of Yendor! On T:46435 you lost the Amulet of Yendor. On T:46710 you opened a magic chest. On T:46713 you opened a magic chest. On T:46831 you gained the Amulet of Yendor! On T:46988 you killed Wizard of Yendor on level 17 of The Dungeons of Doom. On T:47210 you killed Wizard of Yendor on level 16 of The Dungeons of Doom. On T:47210 you killed Wizard of Yendor on level 16 of The Dungeons of Doom. On T:47271 you lost the Amulet of Yendor. On T:47463 you opened a magic chest. On T:47465 you opened a magic chest. On T:47465 you opened a magic chest. On T:47468 you opened a magic chest. On T:47470 you opened a magic chest. On T:47479 you opened a magic chest. On T:47483 you opened a magic chest. On T:47487 you opened a magic chest. On T:47492 you opened a magic chest. On T:47642 you opened a magic chest. On T:47653 you opened a magic chest. On T:48183 you gained the Amulet of Yendor! On T:48452 you opened a magic chest. On T:48454 you opened a magic chest. On T:48463 you opened a magic chest. On T:48470 you opened a magic chest. On T:48470 you opened a magic chest. On T:48474 you opened a magic chest. On T:48517 you opened a magic chest. On T:48520 you opened a magic chest. On T:48521 you opened a magic chest. On T:48522 you opened a magic chest. On T:48524 you opened a magic chest. On T:48525 you opened a magic chest. On T:48741 you killed Wizard of Yendor on level 7 of The Dungeons of Doom. On T:48788 you opened a magic chest. On T:48812 you opened a magic chest. On T:49238 you reached the Plane of Earth. On T:49238 you lost the Amulet of Yendor. On T:49239 you killed Wizard of Yendor on the Plane of Earth. On T:49239 you killed Wizard of Yendor on the Plane of Earth. On T:49347 you gained the Amulet of Yendor! On T:49394 you reached the Plane of Air. On T:49567 you reached the Plane of Fire. On T:49607 you reached the Plane of Water. On T:49874 you reached the Astral Plane. On T:49936 you wished for "A blessed fireproof silver dragon egg named Victory to Team Splat!". On T:49938 you lost the Amulet of Yendor. On T:49938 you offered the Amulet of Yendor to Hermes and ascended to the status of Demigoddess! Score breakdown: Gold: 0 ( 0 points) Experience: 22 levels ( 2000 points) Exploration: 58 levels ( 2000 points) Discoveries: 199 items ( 2000 points) Variety of kills: 279 monsters ( 2000 points) Major goal: ascended ( 5000 points) Ascension bonuses Valuables value: 147600 ( 2000 points) Artifact value: 2 ( 2000 points) Speed bonus: 49938 turns ( 2503 points) Conduct bonus: 7 conducts (15500 points) Survival: ascended (score multiplied by 10) Total score: 350030 Latest messages: W - a wand of wishing (1:2). The purple worm drops a scroll. You may wish for an object. b - an egg named Victory to Team Splat!. Joshua the Thief turns to flee! Never mind. You produce a strange whistling sound. The Angel of Hermes picks up a long sword. You offer the Amulet of Yendor to Hermes... An invisible choir sings, and you are bathed in radiance... The voice of Hermes rings out: "Congratulations, mortal!" "In return for thy service, I grant thee the gift of Immortality!" You ascend to the status of Demigoddess... The sack is empty. The sack is empty. Final status: Goodbye Tangles the Demigoddess, ascended... You and the purple worm and the purple worm and the purple worm and the purple worm and the purple worm and the purple worm and the purple worm went to your reward with 350030 points, The Eye of the Aethiopica (worth 4000 zorkmids) Giantslayer (worth 200 zorkmids) Vorpal Blade (worth 4000 zorkmids) The Staff of Aesculapius (worth 5000 zorkmids) 19 emeralds (worth 47500 zorkmids), 17 agate stones (worth 3400 zorkmids), 11 amethyst stones (worth 6600 zorkmids), 10 jacinth stones (worth 32500 zorkmids), 9 jade stones (worth 2700 zorkmids), 7 rubies (worth 24500 zorkmids), 6 topaz stones (worth 5400 zorkmids), 5 jasper stones (worth 2500 zorkmids), 3 citrine stones (worth 4500 zorkmids), 3 amber stones (worth 3000 zorkmids), 2 turquoise stones (worth 4000 zorkmids), 2 aquamarine stones (worth 3000 zorkmids), 2 obsidian stones (worth 400 zorkmids), 1 diamond (worth 4000 zorkmids), 1 jet stone (worth 850 zorkmids), 1 opal (worth 800 zorkmids), 1 chrysoberyl stone (worth 700 zorkmids), 1 garnet stone (worth 700 zorkmids), 1 fluorite stone (worth 400 zorkmids), 1 amulet of reflection (worth 150 zorkmids), and 149 pieces of gold, after 49938 moves. You were level 22 with a maximum of 605 hit points when you ascended.